 Dungeon Crawl Stone Soup version 0.27.1-33-g824d729ab1 (webtiles) character file.

Game seed: 12798210606928390976

2598 enile the Basher (level 9, -8/81 HPs)
             Began as a Minotaur Fighter on Nov 28, 2021.
             Was a Believer of Yredelemnul.
             Killed from afar by an electric eel (9 damage)
             ... with a bolt of electricity
             ... on level 7 of the Dungeon.
             The game lasted 00:16:45 (7407 turns).

enile the Basher (Minotaur Fighter)                 Turns: 7407, Time: 00:16:46

Health: -8/81      AC: 12    Str: 25    XL:     9   Next: 33%
Magic:  3/3        EV:  6    Int:  5    God:    Yredelemnul [**....]
Gold:   254        SH: 10    Dex:  9    Spells: 8/8 levels left

rFire    . . .     SeeInvis .   o - +2 flail (antimagic)
rCold    . . .     Faith    .   c - +0 kite shield
rNeg     + . .     Spirit   .   H - +1 chain mail
rPois    .         Reflect  .   (helmet restricted)
rElec    .         Harm     .   l - +0 cloak
rCorr    +         Rampage  .   (no gloves)
Will     .....                  (no boots)
Stlth    ..........             (no amulet)
HPRegen  0.23/turn              G - +4 ring of slaying
MPRegen  0.08/turn              C - ring "Mowufra" {rN+ rCorr}

@: no status effects
A: horns 2, retaliatory headbutt
a: Renounce Religion, Animate Remains, Recall Undead Slaves, Injury Mirror


You were on level 7 of the Dungeon.
You worshipped Yredelemnul.
Yredelemnul was pleased with you.
You visited 1 branch of the dungeon, and saw 7 of its levels.

You collected 254 gold pieces.

Inventory:

Hand Weapons
 a - a +0 rapier
 h - a +0 flail
 j - a +2 vampiric dagger
 o - a +2 antimagic flail (weapon)
 r - a +0 dagger of electrocution
 w - a +1 war axe of distortion
 x - a +3 quarterstaff of chaos
 z - a +3 mace of holy wrath
Missiles
 I - 12 poisoned darts (quivered)
 J - 5 javelins
Armour
 b - a +0 scale mail
 c - a +0 kite shield (worn)
 g - +0 steam dragon scales
 l - a +0 cloak (worn)
 n - a +0 ring mail
 y - a +0 cloak
 H - a +1 chain mail (worn)
 K - a +0 pair of gloves
Jewellery
 i - a ring of willpower
 B - a ring of wizardry
 C - the ring "Mowufra" (right hand) {rN+ rCorr}
   (You found it on level 4 of the Dungeon)

   [ring of resist corrosion]

   rN:        It protects you from negative energy.
   rCorr:     It protects you from acid and corrosion.
 G - a +4 ring of slaying (left hand)
Scrolls
 f - 2 scrolls of fog
 k - 3 scrolls of teleportation
 m - 2 scrolls of amnesia
 q - a scroll of holy word
 s - 3 scrolls of magic mapping
 v - a scroll of blinking {unknown}
 F - 2 scrolls of vulnerability {unknown}
Potions
 d - 2 potions of might
 e - 3 potions of brilliance {unknown}
 t - 3 potions of haste {unknown}
 u - 2 potions of flight {unknown}
 A - a potion of curing
 D - 2 potions of invisibility {unknown}
 E - a potion of magic {unknown}


   Skills:
 - Level 8.0 Fighting
 - Level 3.0 Short Blades
 - Level 8.0 Maces & Flails
 - Level 3.0 Throwing
 + Level 7.2 Armour
 - Level 2.0 Stealth
 - Level 6.0 Shields
 - Level 4.0 Invocations


You had 8 spell levels left.
You didn't know any spells.
Your spell library contained the following spells:

 Spells                   Type           Power      Damage    Failure   Level
 Freeze                   Ice            0%         1d3       100%        1
 Passwall                 Tmut/Erth      0%         N/A       100%        2
 Frozen Ramparts          Ice            0%         1d2       100%        3
 Swiftness                Air            0%         N/A       100%        3
 Hailstorm                Conj/Ice       0%         3d3       100%        4
 Invisibility             Hex            0%         N/A       100%        6


Dungeon Overview and Level Annotations

Branches:
Dungeon (7/15)             Temple (0/1) D:5

Altars:
Cheibriados
Gozag
Hepliaklqana
Qazlal
Sif Muna
Yredelemnul

Shops:
D:6 (


Innate Abilities, Weirdness & Mutations

You have a pair of horns on your head.
You reflexively headbutt those who attack you in melee.


Message History

You sock the electric eel! You headbutt the electric eel.
You kill the electric eel!
Yredelemnul accepts your kill.
An electric eel is nearby!
An electric eel is nearby!
An electric eel is nearby!
The electric eel shoots out a bolt of lightning at you!
The bolt of electricity misses you.
You enter the shallow water.
Moving in this stuff is going to be slow.
The electric eel shoots out a bolt of lightning at you!
The bolt of electricity hits you!
The electric eel shoots out a bolt of lightning at you!
The bolt of electricity hits you!
The electric eel shoots out a bolt of lightning at you!
The bolt of electricity hits you!
The electric eel shoots out a bolt of lightning at you!
The bolt of electricity hits you!
You are too injured to fight recklessly!
The electric eel shoots out a bolt of lightning at you!
The bolt of electricity hits you.
You barely miss the electric eel.
Your unstable footing causes you to fumble your attack.
Your unstable footing causes you to fumble your attack.
The electric eel shoots out a bolt of lightning at you!
The bolt of electricity hits you.
Your unstable footing causes you to fumble your attack.
The electric eel shoots out a bolt of lightning at you!
The bolt of electricity hits you!
* * * LOW HITPOINT WARNING * * *
You barely miss the electric eel. Your headbutt misses the electric eel.
The electric eel shoots out a bolt of lightning at you!
The bolt of electricity hits you.
* * * LOW HITPOINT WARNING * * *
The electric eel shoots out a bolt of lightning at you!
The bolt of electricity hits you!
* * * LOW HITPOINT WARNING * * *
The bolt of electricity hits you!
You die...
Your body rises from the dead as a mindless zombie.

..... #........# #....# #
.......+...)....# ##.#.# #
.......########## #...# #####
........# ###.# #....
#########################.##.
.......('.................##.
........#[8###.8###(8###.8##.
#######'############## #####.
#...........@....... #.
#≈≈≈≈≈≈≈≈≈≈≈≈;≈≈≈≈≈≈≈ ##
#≈≈≈≈≈≈≈≈≈≈≈≈≈≈≈≈≈≈≈≈
##...................
####################


You could see an electric eel.

Vanquished Creatures
  A gargoyle (D:6)
  A steam dragon (D:7)
  Menkaure (D:7)
  Edmund (D:5)
  2 orc warriors (D:6)
  2 necrophages
  A sky beast (D:7)
  2 black bears (D:7)
  An ice beast (D:7)
  3 ogres
  Blork the orc (D:5)
  A bullfrog (D:7)
  A wyvern zombie (D:6)
  2 scorpions
  An electric eel (D:7)
  5 hounds
  2 centaur skeletons (D:7)
  An iguana (D:6)
  A bullfrog skeleton (D:7)
  Crazy Yiuf (D:3)
  Terence (D:3)
  An orc wizard (D:6)
  A mummy (D:4)
  A howler monkey zombie (D:5)
  A howler monkey skeleton (D:7)
  10 adders
  3 gnolls (D:2)
  A shadow imp (D:5)
  2 white imps
  A worm (D:5)
  3 dart slugs
  8 orcs
  8 ball pythons
  5 bats
  7 endoplasms
  A giant cockroach (D:3)
  5 goblins
  8 hobgoblins
  12 jackals
  2 quokkas
  5 frilled lizards
  12 kobolds
  3 rats
132 creatures vanquished.

Notes
Turn   | Place    | Note
-------+----------+-------------------------------------------
     0 | D:1      | enile the Minotaur Fighter began the quest for the Orb.
     0 | D:1      | Reached XP level 1. HP: 19/19 MP: 0/0
   196 | D:1      | Reached XP level 2. HP: 12/28 MP: 1/1
   391 | D:1      | You fall into a shaft and drop 1 floor!
   405 | D:2      | Reached skill level 5 in Fighting
   409 | D:2      | Reached XP level 3. HP: 16/36 MP: 2/2
   587 | D:2      | Found a stormy altar of Qazlal.
  1021 | D:2      | Reached XP level 4. HP: 44/44 MP: 3/3
  1378 | D:1      | Found a faded altar of an unknown god.
  1378 | D:1      | Noticed a sixfirhy
  1386 | D:1      | Became a worshipper of Yredelemnul the Dark
  1386 | D:1      | Reached * piety under Yredelemnul
  2362 | D:3      | Reached XP level 5. HP: 50/50 MP: 1/4
  2951 | D:3      | Noticed Terence
  2960 | D:3      | Killed Terence
  2961 | D:3      | Reached skill level 5 in Armour
  3044 | D:3      | Found a runed translucent door.
  3045 | D:3      | Noticed Crazy Yiuf
  3151 | D:3      | Killed Crazy Yiuf
  3152 | D:3      | Reached skill level 1 in Maces & Flails
  3280 | D:4      | Found an opulent altar of Gozag.
  3280 | D:4      | Noticed an ogre
  3285 | D:4      | Killed an ogre
  3286 | D:4      | Reached XP level 6. HP: 57/57 MP: 1/5
  3323 | D:4      | Reached ** piety under Yredelemnul
  3377 | D:4      | Reached skill level 1 in Invocations
  3386 | D:4      | Found a snail-covered altar of Cheibriados.
  3939 | D:4      | Identified the ring "Mowufra" {rN+ rCorr}
  4494 | D:5      | Entered Level 5 of the Dungeon
  4498 | D:5      | Found a shimmering blue altar of Sif Muna.
  4558 | D:5      | Reached skill level 5 in Maces & Flails
  4558 | D:5      | Reached XP level 7. HP: 63/63 MP: 2/7
  4730 | D:5      | Found a staircase to the Ecumenical Temple.
  4937 | D:5      | Noticed Edmund
  4942 | D:5      | Killed Edmund
  5107 | D:5      | Noticed Blork the orc
  5114 | D:5      | Killed Blork the orc
  5441 | D:6      | Reached XP level 8. HP: 57/73 MP: 3/9
  5863 | D:6      | Found a hazy altar of Hepliaklqana.
  6098 | D:6      | Reached *** piety under Yredelemnul
  6127 | D:6      | Noticed a gargoyle
  6137 | D:6      | Killed a gargoyle
  6138 | D:6      | Reached skill level 5 in Shields
  6347 | D:6      | Found Moaco's Antique Weapon Boutique.
  6682 | D:7      | Reached XP level 9. HP: 76/79 MP: 3/11
  7153 | D:7      | Noticed Menkaure
  7168 | D:7      | Killed Menkaure
  7407 | D:7      | HP: 1/81 [electric eel/bolt of electricity (8)]
  7407 | D:7      | Killed from afar by an electric eel

Illustrated notes

Levels and vault maps discovered:
D:1:      heliophobic_arrival_battle_scene, layout_rooms,
          dreamdust_ecumenical_altar_sealed_demon
D:2:      layout_loops_corners, basic_altar
D:3:      layout_basic, minmay_misc_feat_diagonals, minmay_circle_x,
          uniq_crazy_yiuf_cottage, uniq_terence
D:4:      layout_loops_corners, chei_slow_surprise,
          mainiacjoe_overflow_brackets, roderic_serpentine_path,
          kennysheep_generic_room_5
D:5:      layout_basic, mainiacjoe_overflow_boulevard,
          minmay_temple_entry_wispy, uniq_blork_the_orc, uniq_edmund
D:6:      layout_basic, marbit_many_paths, serial_shops, nicolae_diamond_shop
D:7:      wad_river_or_something, layout_basic, uniq_menkaure

Skill      XL: |  1  2  3  4  5  6  7  8  9 |
---------------+----------------------------+-----
Fighting       | 4 5 6 7 8 |  8.0
Short Blades   | 3 |  3.0
Armour         | 4 5 7 |  7.2
Maces & Flails | 3 5 7 8 |  8.0
Invocations    | 2 3 4 |  4.0
Shields        | 4 5 6 |  6.0
Stealth        | 2 |  2.0
Throwing       | 3 |  3.0

Action                   |  1- 3 |  4- 6 |  7- 9 || total
-------------------------+-------+-------+-------++-------
Melee: Rapier            |    47 |       |       ||    47
       Headbutt          |    13 |    23 |    32 ||    68
       Flail             |    41 |   114 |   137 ||   292
       Dagger            |     1 |    46 |       ||    47
Throw: Dart              |       |       |     4 ||     4
Invok: Injury Mirror     |       |       |     1 ||     1
  Use: Scroll            |       |     1 |     6 ||     7
       Potion            |       |       |     2 ||     2
Armor: Scale mail        |    61 |    54 |    17 ||   132
       Chain mail        |       |       |    31 ||    31
Dodge: Dodged            |    41 |    52 |    29 ||   122
Block: Kite shield       |    60 |   106 |    72 ||   238
